 Dungeon Crawl Stone Soup version 0.23-a0-414-g0aa8dd0 (webtiles) character file.

149 HDogLeCool the Skirmisher (level 5, -10/47 HPs)
             Began as a Draconian Fighter on Nov 7, 2018.
             Killed by divine providence
             ... invoked by an orc priest
              (12 damage)
             ... on level 3 of the Dungeon on Nov 8, 2018.
             The game lasted 00:09:14 (2309 turns).

HDogLeCool the Skirmisher (Draconian Fighter)       Turns: 2309, Time: 00:09:15

Health: -10/47     AC:  6    Str: 25    XL:     5   Next: 9%
Magic:  5/5        EV: 10    Int:  8    God:
Gold:   56         SH: 10    Dex: 10    Spells: 4/4 levels left

rFire    . . .     SeeInvis .   a - +0 war axe
rCold    . . .     Gourm    .   b - +0 shield
rNeg     . . .     Faith    .   (armour unavailable)
rPois    .         Spirit   .   (helmet restricted)
rElec    .         Reflect  .   (no cloak)
rCorr    .         Harm     .   m - +0 pair of gloves
MR       .....                  (no boots)
Stlth    +.........             (no amulet)
HPRegen  0.15/turn              (no ring)
MPRegen  0.09/turn              (no ring)

@: mighty
A: unfitting armour, cold-blooded, AC +5
a: no special abilities


You were on level 3 of the Dungeon.
You were not hungry.

You visited 1 branch of the dungeon, and saw 3 of its levels.

You collected 56 gold pieces.

Inventory:

Hand Weapons
 a - a +0 war axe (weapon)
Missiles
 e - 96 stones (quivered)
Armour
 b - a +0 shield (worn)
 m - a +0 pair of gloves (worn)
Jewellery
 o - an uncursed ring of protection from cold {unknown}
Scrolls
 f - a scroll of remove curse {unknown}
 g - 2 scrolls of identify {unknown}
 h - 3 scrolls of teleportation {unknown}
 j - a scroll of random uselessness {unknown}
 k - a scroll of fog {unknown}
 n - 2 scrolls of noise {unknown}
Potions
 i - 2 potions of mutation {unknown}
 l - a potion of resistance {unknown}
 p - a potion of heal wounds {unknown}
Comestibles
 d - 3 rations
 q - a chunk of flesh


   Skills:
 * Level 4.6 Fighting
 + Level 2.7 Axes
 + Level 3.2 Dodging
 * Level 4.1 Shields


You had 4 spell levels left.
You didn't know any spells.
Your spell library contained the following spells:

 Spells                   Type           Power        Failure   Level  Hunger
 Animate Skeleton         Necr           N/A          87%         1    ##.....
 Apportation              Tloc           #.....       87%         1    ##.....
 Confusing Touch          Hex            #.....       87%         1    ##.....
 Summon Small Mammal      Summ           #...         87%         1    ##.....


Dungeon Overview and Level Annotations

Branches:
Dungeon (3/15)

Altars:

Annotations:
D:3 Grinder


Innate Abilities, Weirdness & Mutations

Your plain brown scales are hard. (AC +5)
You cannot fit into any form of body armour.
You are cold-blooded and may be slowed by cold attacks.


Message History

The orc hits you but does no damage.
Okay, then.
There isn't anything here!
You feel very mighty all of a sudden. You block the orc's attack.
You slash the orc!
You kill the orc!
The giant cockroach waves its antennae.
You closely miss the frilled lizard. You block the frilled lizard's attack.
The frilled lizard barely misses you.
You hit the frilled lizard.
You kill the frilled lizard!
You closely miss the orc priest.
The orc priest mumbles some strange prayers to Beogh against you.
Beogh smites you!
* * * LOW HITPOINT WARNING * * *
You closely miss the orc priest.
The orc priest calls down the wrath of Beogh upon you.
Beogh smites you!
You die...

... ..#
...## ..
... .. ..
. .. .##/
## #.. +.
#s# ##
#o# # #@#
# #.# #
#.# #
#.### #
#...# #
###.#####
#...รท.#
#####.#
#.#


You could see an orc priest and a giant cockroach.

Vanquished Creatures
  An orc priest (D:3)
  Terence (D:3)
  3 adders
  A worm (D:2)
  A dart slug (D:1)
  A leopard gecko (D:1)
  6 orcs (D:3)
  10 bats
  4 giant cockroaches
  7 goblins
  3 hobgoblins
  A ball python (D:1)
  4 frilled lizards
  9 kobolds
  8 rats (D:1)
60 creatures vanquished.

Notes
Turn   | Place    | Note
-------+----------+-------------------------------------------
     0 | D:1      | HDogLeCool the Draconian Fighter began the quest for the
                  | Orb.
     0 | D:1      | Reached XP level 1. HP: 19/19 MP: 1/1
   323 | D:1      | Upgraded the game from 0.23-a0-407-g92528d7 to
                  | 0.23-a0-414-g0aa8dd0
   334 | D:1      | Reached XP level 2. HP: 26/26 MP: 2/2
  1054 | D:1      | Reached XP level 3. HP: 31/33 MP: 3/3
  1654 | D:3      | Reached XP level 4. HP: 32/40 MP: 4/4
  1739 | D:3      | Noticed Grinder
  2107 | D:3      | Noticed Terence
  2122 | D:3      | Killed Terence
  2298 | D:3      | Reached XP level 5. HP: 34/47 MP: 5/5
  2308 | D:3      | HP: 1/47 [orc priest/divine providence (14)]
  2309 | D:3      | Killed from afar by an orc priest

Vault maps used:
D:1:      minmay_arrival_four_houses
D:3:      uniq_grinder, uniq_jessica, uniq_terence

Skill      XL: |  1  2  3  4 |
---------------+-------------+-----
Dodging        | 3 |  3.2
Fighting       | 4 |  4.6
Shields        | 4 |  4.1
Axes           | |  2.7

Action                   |  1- 3 |  4- 6 || total
-------------------------+-------+-------++-------
Melee: War axe           |   144 |    54 ||   198
       Tailslap          |    13 |     4 ||    17
Throw: Stone             |       |     9 ||     9
  Use: Potion            |       |     1 ||     1
 Stab: Distracted        |     1 |       ||     1
  Eat: Chunk             |     3 |       ||     3
       Ration            |       |     1 ||     1
Armor: Skin              |    44 |    12 ||    56
Dodge: Dodged            |    71 |    35 ||   106
Block: Shield            |    83 |    25 ||   108

Table legend:
 A = Non-vault XP
 B = Vault XP
 C = Vault XP percentage of total XP
 D = Non-vault monster count
 E = Vault monster count
 F = Vault count percentage of total count
                 A         B        C        D         E       F
            +---------+---------+-------+---------+---------+-------
      Total |     177 |      36 |  16.9 |      59 |       1 |   1.7
            +---------+---------+-------+---------+---------+-------
        D:1 |      42 |       0 |   0.0 |      28 |       0 |   0.0
        D:2 |      53 |       0 |   0.0 |      17 |       0 |   0.0
        D:3 |      82 |      36 |  30.5 |      14 |       1 |   6.7
            +---------+---------+-------+---------+---------+-------
